 Dungeon Crawl Stone Soup version 0.31-a0-237-g2d982f9f85 (webtiles) character file.

Game seed: 2147321474224675619

742 qw the Shooter (level 7, -1/43 HPs)
             Began as a Gargoyle Hexslinger on July 11, 2023.
             Slain by a lemure (2 damage)
             ... led by Pikel
             ... on level 5 of the Dungeon.
             The game lasted 00:01:42 (3791 turns).

qw the Shooter (Gargoyle Hexslinger)                Turns: 3791, Time: 00:01:42

Health: -1/43      AC: 14    Str: 11    XL:     7   Next: 76%
Magic:  8/8        EV: 10    Int: 14    God:
Gold:   206        SH:  0    Dex: 14    Spells: 7/8 levels left

rFire   . . .        Y - +5 sling (flame)
rCold   . . .        (no shield)
rNeg    + . .        i - +0 ring mail
rPois   inf          a - +2 helmet
rElec   +            (no cloak)
rCorr   .            f - +0 pair of gloves
SInv    .            (no boots)
Will    .....        (no amulet)
Stlth   +            (no ring)
HPRegen 0.27/turn    (no ring)
MPRegen 0.11/turn

%: no passive effects
@: no status effects
A: sickness immunity, AC +4, negative energy resistance 1, electricity
resistance, torment resistance 1, petrification resistance
a: no special abilities


You were on level 5 of the Dungeon.
You visited 1 branch of the dungeon, and saw 5 of its levels.

You collected 245 gold pieces.
You spent 39 gold pieces at shops.


Innate Abilities, Weirdness & Mutations

You are immune to sickness and miasma.
Your stone body is resilient. (AC +4)
You are immune to poison.
You resist negative energy. (rN+)
You are resistant to electric shocks. (rElec)
You are resistant to unholy torment.
You are immune to petrification.


   Skills:
 - Level 4.0 Fighting
 + Level 7.4 Ranged Weapons
 - Level 2.0 Armour
 - Level 1.5 Dodging
 - Level 1.0 Spellcasting
 - Level 2.6 Hexes


You had 7 spell levels left.
You knew the following spells:

 Your Spells              Type           Power      Damage    Failure   Level
a - Slow                  Hex            32%        N/A       21%         1

Your spell library contained the following spells:

 Spells                   Type           Power      Damage    Failure   Level
 Inner Flame              Hex/Fire       4%         N/A       71%         3
 Portal Projectile        Hex/Tloc       8%         N/A       71%         3
 Cause Fear               Hex            4%         N/A       90%         4

Inventory:

Hand Weapons
 Y - a +5 sling of flaming (weapon)
Armour
 a - a +2 helmet (worn)
 f - a +0 pair of gloves (worn)
 i - a +0 ring mail (worn)
Scrolls
 c - a scroll of identify
Potions
 b - 2 potions of curing
 d - a potion of mutation
 e - a potion of enlightenment
 h - 2 potions of degeneration {unknown}
 m - a potion of cancellation

Dungeon Overview and Level Annotations

Branches:
Dungeon (5/15)
 Temple: D:4-7

Altars:
Dithmenos

Shops:
D:2 *

Annotations:
D:5 1 runed translucent door, Crazy Yiuf, Pikel


Message History

You shoot a sling bullet. The sling bullet barely misses Pikel.
The lemure closely misses you. Pikel hits you but does no damage.
You shoot a sling bullet.
The sling bullet hits Pikel but does no damage.
The lemure barely misses you.
Pikel hits you with a +1 whip of freezing.
Pikel freezes you.
You shoot a sling bullet.
The sling bullet completely misses Pikel.
The lemure hits you but does no damage.
Pikel hits you with a +1 whip of freezing.
Pikel freezes you.
You shoot a sling bullet. The sling bullet closely misses Pikel.
The lemure hits you.
Pikel hits you with a +1 whip of freezing.
Pikel freezes you.
You shoot a sling bullet. The sling bullet barely misses Pikel.
The lemure hits you but does no damage.
Pikel hits you with a +1 whip of freezing.
Pikel freezes you.
You shoot a sling bullet.
The sling bullet hits Pikel but does no damage.
The lemure hits you but does no damage. Pikel hits you but does no damage.
You shoot a sling bullet.
The sling bullet hits Pikel but does no damage.
The lemure barely misses you. Pikel hits you but does no damage.
The lemure closely misses you. Pikel hits you but does no damage.
You shoot a sling bullet. The sling bullet hits Pikel.
The sling bullet burns Pikel.
Pikel is lightly wounded.
The lemure completely misses you.
Pikel hits you with a +1 whip of freezing.
Pikel freezes you.
You shoot a sling bullet. The sling bullet closely misses Pikel.
The lemure hits you but does no damage.
Pikel says, "Asmodeus and me are pals.
He gave me this whip."
Pikel barely misses you.
You shoot a sling bullet. The sling bullet closely misses Pikel.
The lemure hits you.
You die...

. .. .. ..# .##
#..# #..... .K
#..## ####...# ..
#..#####.5...# .#
#...%..@K##.# #.#
##..#######..##..
#..# #.... #.##
#.%## #.# #..##
#.# ##..## #.#
##..## #.# ##..#
#.# ##.##


You could see Pikel and a lemure.

Vanquished Creatures
  An ogre (D:4)
  3 phantoms
  3 lemures (D:5)
  3 hounds
  5 iguanas (D:5)
  A sleepcap (D:5)
  3 gnolls (D:5)
  5 adders
  A worm (D:4)
  9 dart slugs
  9 orcs
  9 ball pythons
  3 bats
  7 endoplasms
  4 giant cockroaches
  12 goblins
  5 hobgoblins
  2 jackals (D:4)
  5 kobolds
  A quokka (D:2)
  9 frilled lizards
  6 rats
106 creatures vanquished.

Notes
Turn   | Place    | Note
-------+----------+-------------------------------------------
     0 | D:1      | qw the Gargoyle Hexslinger began the quest for the Orb.
     0 | D:1      | Reached XP level 1. HP: 12/12 MP: 2/2
     0 | D:1      | 0 ||| qw: Version: 0.3-a-52-g30416fa
     0 | D:1      | 0 ||| qw: Game counter: 5718
     0 | D:1      | 0 ||| qw: Melee chars always use a shield: true
     0 | D:1      | 0 ||| qw: God list: Okawaru
     0 | D:1      | 0 ||| qw: Allow faded altars: false
     0 | D:1      | 0 ||| qw: Do Orc after clearing Dungeon:15 true
     0 | D:1      | 0 ||| qw: Do second Lair branch before Depths: true
     0 | D:1      | 0 ||| qw: Lair rune preference: random
     0 | D:1      | 0 ||| qw: Goals: Normal
     0 | D:1      | 0 ||| PLANNING D:1-11
    53 | D:1      | Reached XP level 2. HP: 16/16 MP: 3/3
   128 | D:1      | Reached skill level 3 in Ranged Weapons
   349 | D:1      | Reached XP level 3. HP: 21/21 MP: 4/4
   847 | D:1      | 847 ||| UPGRADING to +0 leather armour.
   857 | D:1      | 857 ||| DROPPING +0 robe.
   858 | D:1      | 858 ||| UPGRADING to +0 ring mail.
   868 | D:1      | 868 ||| DROPPING +0 leather armour.
   869 | D:1      | 869 ||| READING scroll labelled SIUM WEPEL.
   874 | D:1      | 874 ||| READING scroll labelled XAXAEZXULLA.
   875 | D:1      | 875 ||| READING scroll labelled MESUXU YFOWYANK.
   876 | D:1      | 876 ||| READING scroll labelled AKOLUE BUVIF.
   877 | D:1      | 877 ||| DRINKING 2 metallic yellow potions.
   886 | D:1      | 886 ||| DROPPING scroll of poison.
   887 | D:1      | 887 ||| DROPPING potion of ambrosia.
  1018 | D:2      | Found Unneq's General Store.
  1021 | D:2      | 1021 ||| BUYING potion of curing (39 gold).
  1021 | D:2      | Bought a potion of curing for 39 gold pieces
  1021 | D:2      | 1021 ||| SHOPLISTING potion of mutation (104 gold, have
                  | 50).
  1215 | D:2      | Found a faded altar of an unknown god.
  1221 | D:2      | Reached XP level 4. HP: 26/26 MP: 5/5
  1256 | D:2      | Reached skill level 4 in Ranged Weapons
  1482 | D:2      | 1482 ||| UPGRADING to +2 helmet.
  1487 | D:2      | 1487 ||| READING scroll labelled ODEUBA SYGUCS.
  1488 | D:2      | 1488 ||| READING scroll labelled NODEIRGH YKIE.
  1489 | D:2      | 1489 ||| READING scroll labelled CAECAIT HUIH.
  1490 | D:2      | 1490 ||| READING scroll labelled NUCKUM WITENATZ.
  1522 | D:3      | 1522 ||| STAIRDANCE
  1539 | D:3      | 1539 ||| STAIRDANCE
  1543 | D:2      | Reached skill level 1 in Armour
  1603 | D:3      | 1603 ||| FLEEEEING.
  1604 | D:3      | 1604 ||| FLEEEEING.
  1605 | D:3      | 1605 ||| FLEEEEING.
  1606 | D:3      | 1606 ||| FLEEEEING.
  1607 | D:3      | 1607 ||| FLEEEEING.
  1610 | D:3      | 1610 ||| FLEEEEING.
  1611 | D:3      | 1611 ||| FLEEEEING.
  1612 | D:3      | 1612 ||| FLEEEEING.
  1614 | D:3      | 1614 ||| FLEEEEING.
  1615 | D:3      | 1615 ||| FLEEEEING.
  1616 | D:3      | 1616 ||| FLEEEEING.
  1617 | D:3      | 1617 ||| FLEEEEING.
  1766 | D:3      | 1766 ||| READING scroll of enchant weapon.
  1766 | D:3      | 1766 ||| ENCHANTING +2 sling.
  1929 | D:3      | Reached XP level 5. HP: 28/30 MP: 6/6
  2250 | D:3      | 2250 ||| UPGRADING to +0 pair of gloves.
  2255 | D:3      | 2255 ||| DRINKING 2 fuming sapphire potions.
  2256 | D:3      | 2256 ||| DRINKING 2 white potions.
  2257 | D:3      | 2257 ||| READING 2 scrolls of identify.
  2257 | D:3      | 2257 ||| IDENTIFYING bubbling red potion
  2258 | D:3      | 2258 ||| DROPPING potion of invisibility.
  2351 | D:4      | 2351 ||| SWAPPING to +2 sling of flaming.
  2352 | D:4      | 2352 ||| DROPPING +3 sling.
  2364 | D:4      | Reached skill level 5 in Ranged Weapons
  2465 | D:4      | 2465 ||| READING 3 scrolls of enchant weapon.
  2465 | D:4      | 2465 ||| ENCHANTING +2 sling of flaming.
  2466 | D:4      | 2466 ||| READING 2 scrolls of enchant weapon.
  2466 | D:4      | 2466 ||| ENCHANTING +3 sling of flaming.
  2467 | D:4      | 2467 ||| READING scroll of enchant weapon.
  2467 | D:4      | 2467 ||| ENCHANTING +4 sling of flaming.
  2645 | D:4      | Noticed a phantom
  2654 | D:4      | Killed a phantom
  2655 | D:4      | Reached skill level 3 in Fighting
  2655 | D:4      | Reached XP level 6. HP: 36/38 MP: 7/7
  2962 | D:4      | 2962 ||| READING 2 scrolls labelled GIKHOGR AKOMI.
  2963 | D:4      | 2963 ||| READING 4 scrolls of identify.
  2963 | D:4      | 2963 ||| IDENTIFYING fizzy emerald potion
  2964 | D:4      | 2964 ||| READING 3 scrolls of identify.
  2964 | D:4      | 2964 ||| IDENTIFYING fuming coppery potion
  2965 | D:4      | 2965 ||| DROPPING scroll of blinking.
  2966 | D:4      | 2966 ||| DROPPING potion of attraction.
  2990 | D:5      | Entered Level 5 of the Dungeon
  3072 | D:5      | Found a runed translucent door.
  3073 | D:5      | Noticed Crazy Yiuf
  3120 | D:5      | Reached skill level 6 in Ranged Weapons
  3162 | D:5      | Found a shadowy altar of Dithmenos.
  3268 | D:5      | Reached XP level 7. HP: 18/43 MP: 8/8
  3271 | D:5      | HP: 10/43 [gnoll/+0 flail (5)]
  3272 | D:5      | 3272 ||| DRINKING potion of heal wounds.
  3345 | D:5      | Noticed Pikel
  3346 | D:5      | 3346 ||| FLEEEEING.
  3356 | D:5      | 3356 ||| FLEEEEING.
  3357 | D:5      | 3357 ||| STAIRDANCE
  3379 | D:4      | 3379 ||| READING scroll labelled TUG UKHLOUTUIXT.
  3380 | D:4      | 3380 ||| READING 2 scrolls of identify.
  3380 | D:4      | 3380 ||| IDENTIFYING purple potion
  3383 | D:5      | 3383 ||| STAIRDANCE
  3504 | D:5      | Reached skill level 7 in Ranged Weapons
  3785 | D:5      | HP: 8/43 [Pikel/+1 whip of freezing (3)]
  3789 | D:5      | HP: 3/43 [Pikel/+1 whip of freezing (3)]
  3789 | D:5      | HP: 1/43 [Pikel/+1 whip of freezing (2)]
  3791 | D:5      | Slain by a lemure

Levels and vault maps discovered:
D:1:      grunt_arrival_crossed_arrows, layout_basic, kennysheep_small_spiral
D:2:      layout_basic, serial_shops, shop,
          hellmonk_ecumenical_altar_pennies_from_heaven, grunt_decor_one_mirror,
          chequers_serial_rivers_micro_c, minmay_surrounded
D:3:      layout_loops_cross, minmay_misc_feat_encased
D:4:      kennysheep_slugbush, layout_loops_ring
D:5:      layout_cave_pods, nicolae_dithmenos_through_a_glass_darkly,
          minmay_temple_entry_mini_moons, uniq_crazy_yiuf_cottage, uniq_pikel,
          uniq_blork_the_orc

Skill      XL: |  1  2  3  4  5  6  7 |
---------------+----------------------+-----
Ranged Weapons | 3 4 5 6 7 |  7.4
Fighting       | 2 3 4 |  4.0
Armour         | 1 2 |  2.0
Dodging        | |  1.5
Spellcasting   | |  1.0
Hexes          | |  2.6

Action                     |  1- 3 |  4- 6 |  7- 9 || total
---------------------------+-------+-------+-------++-------
   Fire: Sling             |    96 |   165 |    89 ||   350
    Use: Scroll            |     4 |    12 |     2 ||    18
         Potion            |     1 |     2 |     1 ||     4
 Armour: Robe              |    10 |       |       ||    10
         Ring mail         |     2 |    42 |    41 ||    85
  Dodge: Dodged            |    18 |    64 |    32 ||   114

Table legend:
 A = Non-vault XP
 B = Vault XP
 C = Vault XP percentage of total XP
 D = Non-vault monster count
 E = Vault monster count
 F = Vault count percentage of total count
                 A         B        C        D         E       F
            +---------+---------+-------+---------+---------+-------
      Total |    1031 |      30 |   2.8 |      93 |      10 |   9.7
            +---------+---------+-------+---------+---------+-------
        D:1 |      48 |       0 |   0.0 |      24 |       0 |   0.0
        D:2 |      53 |       6 |  10.2 |      25 |       4 |  13.8
        D:3 |      71 |       0 |   0.0 |      17 |       0 |   0.0
        D:4 |     298 |      24 |   7.5 |      14 |       6 |  30.0
        D:5 |     561 |       0 |   0.0 |      13 |       0 |   0.0
            +---------+---------+-------+---------+---------+-------
